 Dungeon Crawl Stone Soup version 0.30-a0-125-g51eefa89be (webtiles) character file.

Game seed: 15917063923535013717

70 juncz the Magician (level 4, -1/33 HPs)
             Began as a Djinni Conjurer on Sept 18, 2022.
             Slain by a goblin
             ... wielding a +0 dagger
             ... led by Robin
              (2 damage)
             ... on level 2 of the Dungeon.
             The game lasted 00:03:13 (2576 turns).

juncz the Magician (Djinni Conjurer)                Turns: 2576, Time: 00:03:13

Health: -1/33      AC:  3    Str: 12    XL:     4   Next: 44%
Gold:   162        EV: 12    Int: 21    God:
                   SH:  0    Dex: 12

rFire   + + .      SeeInvis .    b - +0 dagger
rCold   x . .      Faith    .    (no shield)
rNeg    . . .      Spirit   .    a - +0 robe
rPois   ∞          Reflect  .    (no helmet)
rElec   .          Harm     .    (no cloak)
rCorr   .          Rampage  .    m - +0 pair of gloves
Will    .....                    (boots unavailable)
Stlth   ++........               (no amulet)
HPRegen 0.11/turn                d - +6 ring of strength
MPRegen 0.00/turn                (no ring)

@: flying
A: sickness immunity, fire resistance 2, cold vulnerability 1, float, innate
caster, HP casting, extra vitality 1
a: no special abilities


You were on level 2 of the Dungeon.
You visited 1 branch of the dungeon, and saw 2 of its levels.

You collected 162 gold pieces.

Inventory:

Hand Weapons
 b - a +0 dagger (weapon)
Missiles
 c - 49 stones (quivered)
Armour
 a - a +0 robe (worn)
 m - a +0 pair of gloves (worn)
Magical Staves
 i - a staff of earth
Jewellery
 d - a +6 ring of strength (left hand)
Scrolls
 h - 3 scrolls of teleportation
 p - a scroll of acquirement {unknown}
Potions
 e - a potion of curing {unknown}
 f - 2 potions of mutation
 g - a potion of heal wounds {unknown}
 j - 2 potions of might {unknown}
 k - 2 potions of brilliance {unknown}
 l - 2 potions of attraction {unknown}
 n - a potion of flight {unknown}
 o - 2 potions of degeneration {unknown}


   Skills:
 + Level 2.2 Fighting
 - Level 2.3 Dodging
 - Level 1.7 Stealth
 + Level 3.9 Spellcasting


You couldn't memorise any spells.
You knew the following spells:

 Your Spells              Type           Power      Damage    Failure   Level
a - Magic Dart            Conj           80%        1d7       2%          1
b - Searing Ray           Conj           40%        2d5       3%          2
c - Dazzling Flash        Conj/Hex       40%        N/A       8%          3
d - Fulminant Prism       Conj/Hex       10%        3d9       24%         4
e - Iskenderun's Mystic   Conj/Tloc      20%        2d6       24%         4
f - Slow                  Hex            80%        N/A       2%          1
Your spell library was empty.

Dungeon Overview and Level Annotations

Branches:
Dungeon (2/15)

Altars:


Innate Abilities, Weirdness & Mutations

You are immune to sickness and miasma.
You are immune to poison.
Your flesh is very heat resistant. (rF++)
You are vulnerable to cold. (rC-)
You float through the air rather than walking.
You learn spells naturally, not from books.
Your magical power is your life essence.
You have superior vitality. (+4 MHP)


Message History

Aim: Robin, wielding a +0 short sword, wearing a +0 animal skin and wearing a +0 helmet (moderately wounded, 100% to hit)
The magic dart hits Robin.
Robin is heavily wounded.
* * * LOW HITPOINT WARNING * * *
The goblin hits you with a +0 dagger.
* * * LOW HITPOINT WARNING * * *
Robin barely misses you.
A goblin comes into view. It is wielding a +0 dagger.
Casting: Magic Dart (safe; 2% risk of failure)
Confirm with . or Enter, or press ? or * to list all spells.
Aiming: Magic Dart (safe; 2% risk of failure)
Press: ? - help, Shift-Dir - straight line, f/p - Robin
Aim: Robin, wielding a +0 short sword, wearing a +0 animal skin and wearing a +0 helmet (heavily wounded, 100% to hit)
The magic dart hits Robin.
Robin is almost dead.
* * * LOW HITPOINT WARNING * * *
A hobgoblin comes into view.
The goblin barely misses you.
Robin says, "My goblins will feast on your bones."
Robin closely misses you.
Casting: Magic Dart (safe; 2% risk of failure)
Confirm with . or Enter, or press ? or * to list all spells.
Aiming: Magic Dart (safe; 2% risk of failure)
Press: ? - help, Shift-Dir - straight line, f/p - Robin
Aim: Robin, wielding a +0 short sword, wearing a +0 animal skin and wearing a +0 helmet (almost dead, 100% to hit)
The magic dart hits Robin.
You kill Robin!
The hobgoblin shouts!
* * * LOW HITPOINT WARNING * * *
The goblin hits you but does no damage.
Casting: Magic Dart (safe; 2% risk of failure)
Confirm with . or Enter, or press ? or * to list all spells.
Aiming: Magic Dart (safe; 2% risk of failure)
Press: ? - help, Shift-Dir - straight line, f - goblin
Aim: a goblin, wielding a +0 dagger (strong, 100% to hit)
The magic dart hits the goblin.
The goblin is moderately wounded.
* * * LOW HITPOINT WARNING * * *
The goblin hits you with a +0 dagger.
You die...

.###.#..#..#.##.######...
.##.#.#...#.#.#.........
.#######.######.#######..
.....#...........# ..
.###.#.######.##.# .. .#
#.#.# #..##.# .#
.###.#.#####.###.# ..#
...#.#.#.....# #g# ..# ##
.#[..#...##### #@#
#..#... .#...#..##
#g#+###..gg... .#...#.##
#.†.....g# .#.#..>#
#......'...).. .#.#####
#......###.#.#
.#.######### #......'<# #
...........# #......###.#
.#.#######.# #......'...#
.#..# #.# #......#####


You could see 2 goblins.

Vanquished Creatures
  Robin (D:2)
  An adder (D:2)
  3 dart slugs
  3 endoplasms (D:2)
  A giant cockroach (D:1)
  12 goblins
  5 hobgoblins (D:2)
  A quokka (D:2)
  3 ball pythons
  6 bats
  3 kobolds
  4 rats
43 creatures vanquished.

Notes
Turn   | Place    | Note
-------+----------+-------------------------------------------
     0 | D:1      | juncz the Djinni Conjurer began the quest for the Orb.
     0 | D:1      | juncz set off with the following spells memorised: Magic
                  | Dart, Searing Ray, Dazzling Flash, Fulminant Prism,
                  | Iskenderun's Mystic Blast.
     0 | D:1      | Reached XP level 1. HP: 15/15 MP: 0/0
   270 | D:1      | Reached XP level 2. HP: 20/21 MP: 0/0
   682 | D:1      | Reached skill level 1 in Fighting
  1248 | D:2      | Reached XP level 3. HP: 26/27 MP: 0/0
  1248 | D:2      | Learned a level 1 spell: Slow
  2523 | D:2      | Reached XP level 4. HP: 31/33 MP: 0/0
  2555 | D:2      | Noticed Robin
  2575 | D:2      | Killed Robin
  2576 | D:2      | Slain by a goblin

Illustrated notes

Levels and vault maps discovered:
D:1:      scummos_arrival_gate, layout_basic, minmay_quantized
D:2:      minmay_diamond_boxcup, layout_basic,
          hellmonk_ecumenical_altar_blasted, minmay_pentomino_r4, uniq_robin

Skill      XL: |  1  2  3  4 |
---------------+-------------+-----
Fighting       | 1 2 |  2.2
Dodging        | |  2.3
Stealth        | |  1.7
Spellcasting   | |  3.9

Action                   |  1- 3 |  4- 6 || total
-------------------------+-------+-------++-------
 Cast: Magic Dart        |    80 |    21 ||   101
  Use: Scroll            |     3 |       ||     3
Armor: Robe              |     3 |     3 ||     6
Dodge: Dodged            |     6 |     7 ||    13

Table legend: (Time is in decaauts)
 A = Elapsed time spent in this place.
 B = Non-inter-level travel time spent in this place.
 C = Inter-level travel time spent in this place.
 D = Time resting spent in this place.
 E = Time spent auto-exploring this place.
 F = Levels seen in this place.
 G = Mean time per level.
                   A        B        C        D        E       F      G
               +--------+--------+--------+--------+--------+-----+--------+
         Total |   2574 |   2546 |     28 |    225 |   2117 |   2 | 1287.0 |
       Dungeon |   2574 |   2546 |     28 |    225 |   2117 |   2 | 1287.0 |
               +--------+--------+--------+--------+--------+-----+--------+

Top non-repeatable levels by time:
     D:2: 1469 daAuts
     D:1: 1105 daAuts
